AoeStats
← DgoUSA

Arabia

510016857Analyzed
4v4 RM · 2d ago on Sep 29, 2026· 37m 54s· 8 players
Game mode
Random Map
Map size
Large (8 player)
Population
200
Speed
Normal
Resources
Standard
Victory
Conquest
Starting age
Dark Age
Ending age
Imperial Age
RankedLock teamsTeams togetherTeam positionsShared explorationLock speedFull tech treeHidden civsTurbo modeCheats
Victory
Defeat
🇲🇽 Ethiopians · Mexico
1181
+12
🇺🇾 Shu · Uruguay
1135
+13
1114
+14
🇩🇪 Varangians · Germany
1069
+16
🇨🇱 Ethiopians · Chile
1262
-21
🇲🇽 Maya · Mexico
1116
-15
🇲🇽 Teutons · Mexico
1007
-11
🇨🇴 Magyars · Colombia
924
-8
Maninthemiddle
7:01 Loom
7:08 Loom
9:49 Feudal Age
10:24 Double-Bit Axe
15:17 Fletching
16:17 Padded Archer Armor
20:21 Gold Mining
23:05 Castle Age
23:45 Bodkin Arrow
23:25 Crossbowman
27:02 Leather Archer Armor
27:24 Bow Saw
33:14 Ballistics
37:24 Horse Collar
b7ackwar
11:19 Feudal Age
17:28 Castle Age
16:02 Double-Bit Axe
16:57 Horse Collar
19:58 Bow Saw
24:12 Scale Barding Armor
28:20 Scale Mail Armor
34:37 Bloodlines
34:28 Husbandry
40:25 Imperial Age
38:18 Forging
Gyurkobeats
6:44 Loom
9:24 Feudal Age
10:15 Double-Bit Axe
14:29 Horse Collar
14:50 Fletching
17:02 Padded Archer Armor
17:49 Gold Mining
21:00 Wheelbarrow
25:31 Castle Age
24:41 Scale Mail Armor
24:51 Forging
25:35 Crossbowman
26:11 Bodkin Arrow
26:45 Thumb Ring
26:27 Pikeman
27:30 Squires
27:39 Heavy Plow
36:23 Hand Cart
36:48 Bow Saw
噜噜啊噜噜噜噜噜
2:41 Loom
12:49 Feudal Age
14:06 Wheelbarrow
17:39 Castle Age
15:56 Double-Bit Axe
16:35 Gold Mining
17:37 Forging
17:16 Town Watch
20:03 Scale Barding Armor
26:28 Iron Casting
27:36 Husbandry
29:34 Chain Barding Armor
34:47 Hand Cart
36:43 Light Cavalry
BeuN AZRAEL
0:28 Loom
9:16 Feudal Age
10:08 Double-Bit Axe
13:40 Fletching
13:51 Padded Archer Armor
24:03 Castle Age
24:36 Crossbowman
27:24 Thumb Ring
27:18 Bodkin Arrow
30:09 Leather Archer Armor
30:34 Town Watch
30:40 Town Watch
eljeringas
8:02 Loom
10:25 Feudal Age
11:26 Double-Bit Axe
13:28 Horse Collar
18:41 Castle Age
18:43 Scale Barding Armor
19:19 Bloodlines
20:42 Bow Saw
20:25 Gold Mining
26:23 Wheelbarrow
25:34 Town Watch
27:54 Hand Cart
30:52 Town Patrol
Black
7:23 Loom
9:57 Feudal Age
11:47 Double-Bit Axe
13:42 Wheelbarrow
15:09 Fletching
20:49 Padded Archer Armor
20:58 Horse Collar
21:11 Gold Mining
25:10 Castle Age
25:33 Crossbowman
26:12 Bodkin Arrow
26:55 Bow Saw
28:50 Hand Cart
30:21 Ballistics
33:39 Hand Cart
34:01 Leather Archer Armor
35:52 Town Watch
DgoUSA
6:09 Loom
10:00 Feudal Age
11:04 Double-Bit Axe
18:41 Wheelbarrow
18:30 Bloodlines
21:54 Castle Age
20:42 Scale Barding Armor
20:30 Gold Mining
20:40 Horse Collar
21:06 Fletching
23:08 Thumb Ring
23:59 Bodkin Arrow
24:05 Padded Archer Armor
25:13 Husbandry
26:43 Leather Archer Armor
30:18 Scale Barding Armor
37:20 Elite Skirmisher
Connection lost

Rejoining the realm…

Still unreachable

The connection could not be restored.

Session expired

The server has moved on; the page needs a fresh start.